 Dungeon Crawl Stone Soup version 0.28-a0-1435-g82390b3a13 (webtiles) character file.

Game seed: 4205257486794804935

194 YayAnonymity the Poker (level 5, -4/41 HPs)
             Began as a Demonspawn Cinder Acolyte on Jan 10, 2022.
             Was a High Priest of Ignis.
             Slain by Grinder (5 damage)
             ... while paralysed by Grinder
             ... on level 3 of the Dungeon.
             The game lasted 00:04:46 (3513 turns).

YayAnonymity the Poker (Demonspawn Cinder Acolyte)  Turns: 3513, Time: 00:04:47

Health: -4/41      AC:  7    Str: 16    XL:     5   Next: 44%
Magic:  6/6        EV:  2    Int: 15    God:    Ignis [*****.]
Gold:   96         SH:  0    Dex:  9    Spells: 4/6 levels left

rFire   + . .      SeeInvis .   a - -1 spear (flame)
rCold   . . .      Faith    .   (no shield)
rNeg    . . .      Spirit   .   h - +0 ring mail
rPois   .          Reflect  .   m - +1 helmet
rElec   .          Harm     .   (no cloak)
rCorr   .          Rampage  .   (no gloves)
Will    .....                   (no boots)
Stlth   ..........              (no amulet)
HPRegen 0.13/turn               (no ring)
MPRegen 0.10/turn               (no ring)

@: paralysed
A: powered by death 2
a: Renounce Religion, Fiery Armour, Foxfire Swarm, Rising Flame


You were on level 3 of the Dungeon.
You worshipped Ignis.
Ignis was extremely pleased with you.
You visited 1 branch of the dungeon, and saw 3 of its levels.

You collected 96 gold pieces.

Inventory:

Hand Weapons
 a - a -1 spear of flaming (weapon)
Armour
 h - a +0 ring mail (worn)
 m - a +1 helmet (worn)
Scrolls
 b - a scroll of fear {unknown}
 d - a scroll of teleportation {unknown}
 f - 2 scrolls of vulnerability {unknown}
 g - a scroll of torment {unknown}
 i - a scroll of amnesia {unknown}
 j - a scroll of enchant weapon {unknown}
 l - a scroll of identify {unknown}
 n - a scroll of brand weapon {unknown}
Potions
 c - 2 potions of heal wounds {unknown}
 e - 2 potions of lignification {unknown}
 k - a potion of curing {unknown}


   Skills:
 - Level 3.0 Fighting
 + Level 5.7 Polearms
 - Level 1.0 Spellcasting
 - Level 2.6 Fire Magic


You had 4 spell levels left.
You knew the following spells:

 Your Spells              Type           Power      Damage    Failure   Level
a - Scorch                Fire           16%        2d6       24%         2

Your spell library contained the following spells:

 Spells                   Type           Power      Damage    Failure   Level
 Magic Dart               Conj           0%         1d3       43%         1
 Call Imp                 Summ           0%         N/A       56%         2
 Mephitic Cloud           Conj/Pois/Air  0%         N/A       80%         3


Dungeon Overview and Level Annotations

Branches:
Dungeon (3/15)

Altars:

Annotations:
D:3 Grinder


Innate Abilities, Weirdness & Mutations

You regenerate health from kills.


Message History

Aim: Grinder (fast, about 45% to evade your -1 spear of flaming)
You reach to attack!
You completely miss Grinder. Grinder gestures at you.
Pain shoots through your body!
Reach: a) -1 spear (flame)
Press: ? - help, Dir - move target, f/p - Grinder
Aim: Grinder (fast, about 45% to evade your -1 spear of flaming)
You reach to attack!
You closely miss Grinder. Grinder gestures at you.
Pain shoots through your body!
Reach: a) -1 spear (flame)
Press: ? - help, Dir - move target, f/p - Grinder
Aim: Grinder (fast, about 45% to evade your -1 spear of flaming)
You reach to attack!
You hit Grinder. You burn Grinder.
Grinder is lightly wounded.
Grinder hits you but does no damage.
Reach: a) -1 spear (flame)
Press: ? - help, Dir - move target, f/p - Grinder
Aim: Grinder (lightly wounded, fast, about 45% to evade your -1 spear of flaming)
You completely miss Grinder.
Grinder is lightly wounded.
Grinder hits you!
You writhe in agony.
* * * LOW HITPOINT WARNING * * *
Reach: a) -1 spear (flame)
Press: ? - help, Dir - move target, f/p - Grinder
Aim: Grinder (lightly wounded, fast, about 45% to evade your -1 spear of flaming)
You hit Grinder. You burn Grinder.
Grinder is lightly wounded.
Grinder gestures at you.
You suddenly lose the ability to move!
Grinder hits you.
* * * LOW HITPOINT WARNING * * *
You writhe in agony.
* * * LOW HITPOINT WARNING * * *
Grinder hits you.
* * * LOW HITPOINT WARNING * * *
You writhe in agony.
* * * LOW HITPOINT WARNING * * *
Grinder hits you.
You die...

### #########
###########<#########........
#####........[)))................
.....##.######.....#####........
#....S.# #####.#####........
###.≈....# #....##...........
..#..⌠...# #.#####...........
#.#.≈..#.#######.#.......#.......
#...............@#.......#.......
####..#.)........5)..............
##.#.##########)......#.......
#.#.# #.......#....).. #†#)###
#.......#.......
#.#...########5#.#.#.# ...
#.#.............>......
#............#.#.#.#.#..
###.....................


You could see Grinder (fast).

Vanquished Creatures
  A scorpion (D:3)
  An orc wizard (D:2)
  Robin (D:3)
  2 adders
  2 dart slugs (D:2)
  3 orcs
  4 ball pythons
  6 endoplasms
  2 giant cockroaches
  8 hobgoblins
  3 jackals (D:1)
  11 kobolds
  2 quokkas
  4 bats
  12 goblins
  8 rats
70 creatures vanquished.

Vanquished Creatures (others)
  8 plants (D:1)
8 creatures vanquished.

Grand Total: 78 creatures vanquished

Notes
Turn   | Place    | Note
-------+----------+-------------------------------------------
     0 | D:1      | YayAnonymity the Demonspawn Cinder Acolyte began the quest
                  | for the Orb.
     0 | D:1      | Reached XP level 1. HP: 18/18 MP: 2/2
   248 | D:1      | Reached skill level 3 in Polearms
   308 | D:1      | Gained mutation: You regenerate a little health from kills.
                  | [demonic ancestry]
   308 | D:1      | Reached XP level 2. HP: 10/24 MP: 3/3
   585 | D:1      | Found a faded altar of an unknown god.
   986 | D:1      | Gained mutation: You regenerate health from kills. [demonic
                  | ancestry]
   986 | D:1      | Reached XP level 3. HP: 27/29 MP: 4/4
  1572 | D:2      | Reached skill level 4 in Polearms
  2681 | D:3      | Noticed Robin
  2700 | D:3      | Reached XP level 4. HP: 35/35 MP: 5/5
  2730 | D:3      | Killed Robin
  2786 | D:3      | Noticed a scorpion
  2795 | D:3      | Killed a scorpion
  2796 | D:3      | Reached skill level 5 in Polearms
  2796 | D:3      | Reached XP level 5. HP: 19/41 MP: 6/6
  2990 | D:3      | Learned a level 2 spell: Scorch
  3492 | D:3      | Noticed Grinder
  3494 | D:3      | Paralysed by Grinder for 4 turns
  3511 | D:3      | Paralysed by Grinder for 2 turns
  3513 | D:3      | HP: 1/41 [Grinder (4)]
  3513 | D:3      | Slain by Grinder

Illustrated notes

Levels and vault maps discovered:
D:1:      dpeg_arrival_shrine, layout_basic, ebering_ecumenical_altar_abandoned,
          chequers_serial_rivers_large_a, serial_bayou_pond_c,
          minmay_liquid_box, serial_bayou_lagoon_b
D:2:      layout_loops_corners, nrook_mini_backslash, kennysheep_generic_room_12
D:3:      layout_basic, st_stairs_9, hangedman_feature_mirror, uniq_robin,
          uniq_grinder

Skill      XL: |  1  2  3  4 |
---------------+-------------+-----
Polearms       | 3 4 5 |  5.7
Fighting       | |  3.0
Spellcasting   | |  1.0
Fire Magic     | |  2.6

Action                   |  1- 3 |  4- 6 || total
-------------------------+-------+-------++-------
Melee: Spear             |   186 |   150 ||   336
       Punch             |     2 |       ||     2
Armor: Robe              |    15 |       ||    15
       Ring mail         |    34 |    54 ||    88
Dodge: Dodged            |    63 |    58 ||   121

Table legend: (Time is in decaauts)
 A = Elapsed time spent in this place.
 B = Non-inter-level travel time spent in this place.
 C = Inter-level travel time spent in this place.
 D = Time resting spent in this place.
 E = Time spent auto-exploring this place.
 F = Levels seen in this place.
 G = Mean time per level.
                   A        B        C        D        E       F      G
               +--------+--------+--------+--------+--------+-----+--------+
         Total |   3516 |   3390 |    126 |    330 |   2474 |   3 | 1172.0 |
       Dungeon |   3516 |   3390 |    126 |    330 |   2474 |   3 | 1172.0 |
               +--------+--------+--------+--------+--------+-----+--------+

Top non-repeatable levels by time:
     D:2: 1421 daAuts
     D:1: 1391 daAuts
     D:3: 703 daAuts
